 Dungeon Crawl Stone Soup version 0.16-a0-2989-gec99a28 (webtiles) character file.

2299 Ratboiler the Basher (level 9, -3/80 HPs)
             Began as an Ogre Wanderer on Dec 6, 2014.
             Was a Follower of Ashenzari.
             Slain by a centaur (8 damage)
             ... on level 8 of the Dungeon.
             The game lasted 00:25:41 (8088 turns).

Ratboiler the Basher (Ogre Wanderer)                Turns: 8088, Time: 00:25:41

Health: -3/80      AC:  8    Str: 19    XL:     9   Next: 40%
Magic:  10/10      EV: 11    Int: 14    God:    Ashenzari [*.....]
Gold:   203        SH:  0    Dex:  9    Spells: 0 memorised, 8 levels left

rFire  . . .     SeeInvis .     a - +2 whip (elec) (curse)
rCold  . . .     Clarity  .     d - +0 robe (curse)
rNeg   . . .     SustAb   .     (shield restricted)
rPois  .         Gourm    .     (helmet restricted)
rElec  .         Spirit   .     D - +1 cloak (curse)
rCorr  .         Warding  .     (gloves unavailable)
rMut   .         Stasis   .     (boots unavailable)
MR     .....                    j - amulet of rage
Stlth  +.........               (no ring)
                                r - +3 ring of protection

@: not resistant to hostile enchantments, very unstealthy
A: unfitting armour, tough skin 1
a: Renounce Religion, Evoke Berserk Rage


You were on level 8 of the Dungeon.
You worshipped Ashenzari.
Ashenzari was aware of your devotion.
You were not hungry.

You visited 1 branch of the dungeon, and saw 8 of its levels.

You collected 302 gold pieces.
You spent 99 gold pieces at shops.

Inventory:

Hand weapons
 a - a cursed +2 whip of electrocution (weapon)
 b - a +0 blowgun
 p - a +0 giant spiked club
 u - the +5 hand axe "Murmur" {venom, rC+}
   (You found it on level 4 of the Dungeon)

   It poisons the flesh of those it strikes.
   It protects you from cold.
Missiles
 t - 32 poisoned needles
 w - 8 tomahawks
 E - a throwing net (quivered)
Armour
 d - a cursed +0 robe (worn)
 D - a cursed +1 cloak (worn)
Jewellery
 j - an amulet of rage (around neck)
 r - a +3 ring of protection (left hand)
 H - a cursed ring of teleportation
Scrolls
 g - a scroll of recharging {unknown}
 i - a scroll of curse armour
 k - 2 scrolls of noise {unknown}
 l - a scroll of enchant weapon {unknown}
 n - a scroll of teleportation {unknown}
 o - 2 scrolls of immolation
 q - a scroll of fog {unknown}
 s - a scroll of amnesia
 v - a scroll of magic mapping
 x - a scroll of curse jewellery
 y - a scroll of curse weapon
 B - 2 scrolls of fear {unknown}
 C - a scroll of blinking
 I - a scroll of brand weapon {unknown}
Potions
 c - a potion of lignification
 e - a potion of heal wounds
 m - 5 potions of curing
 z - a potion of might
 A - a potion of berserk rage
 G - a potion of restore abilities
Comestibles
 f - 7 meat rations
 h - 4 bread rations
 F - 2 beef jerkies


   Skills:
 - Level 2.6 Fighting
 - Level 13.1 Maces & Flails
   Level 1.0 Crossbows
 - Level 2.4 Armour
 + Level 6.0 Dodging
 - Level 1.0 Stealth
 - Level 1.0 Evocations


You had 8 spell levels left.
You didn't know any spells.

Dungeon Overview and Level Annotations

Branches:
Dungeon (8/15)             Temple (0/1) D:7
   Lair: D:8-11

Altars:
Ashenzari
Elyvilon
Gozag
Makhleb
Nemelex Xobeh
Qazlal
Trog
Vehumet
Zin

Shops:
D:6 *

Annotations:
D:5 Ratboiler's ghost, experienced OgWn
D:7 1 exclusion


Innate Abilities, Weirdness & Mutations

You are too large for most types of armour.
You have tough skin (AC +1).


Message History

You feel much better. Something hits you. Something hits you.
Something hits you. Something hits you! Something hits you. Something hits you!
* * * LOW HITPOINT WARNING * * *
A centaur comes into view.
Ashenzari warns you: It is quivering 12 poisoned arrows.
There is a stone staircase leading up here.
Read which item? (? for menu, Esc to quit)
Okay, then.
The centaur shouts!
Something hits you.
* * * LOW HITPOINT WARNING * * *
The centaur hits you.
* * * LOW HITPOINT WARNING * * *
Something hits you!
* * * LOW HITPOINT WARNING * * *
The centaur hits you!
You die... ### #.## #.. y.y

+... ... #.y #..#
#.# #..# #.# #..#
#.# # #..# #.#
....####..###.#
............#.######
###...###.#@c......#
......##..{#.######
#......##..#.##
#.###...#.....#
#..........#..#
..!..#.......#..#
#.###.#.###...#..#
#S.$..#)......#.##
#..%..#....#.#


You could see a centaur.

Vanquished Creatures
  An ice beast (D:6)
  A phantom (D:6)
  2 sky beasts
  3 centaurs
  3 ogres
  A wyvern skeleton (D:6)
  A water moccasin skeleton (D:6)
  2 killer bees (D:7)
  2 scorpions
  5 wights (D:6)
  3 orc priests
  A giant frog zombie (D:5)
  A goliath beetle (D:7)
  2 iguanas
  4 hounds
  3 orc wizards
  7 worker ants
  11 adders
  4 gnolls (D:7)
  3 shadow imps
  A giant mite (D:4)
  4 worms
  An adder skeleton (D:4)
  6 giant geckos
  2 oozes
  29 orcs
  A ball python (D:4)
  4 giant cockroaches
  18 hobgoblins
  8 jackals
  10 kobolds
  A quokka (D:6)
  12 bats
  6 giant newts
  14 goblins
  A jackal zombie (D:6)
  10 rats
188 creatures vanquished.

Notes
Turn   | Place    | Note
--------------------------------------------------------------
     0 | D:1      | Ratboiler, the Ogre Wanderer, began the quest for the Orb.
     0 | D:1      | Ratboiler set off with: a +2 mace, a potion of lignification, a +0 robe, a meat ration
     0 | D:1      | Reached XP level 1. HP: 22/22 MP: 1/1
    93 | D:1      | Reached skill level 3 in Maces & Flails
   237 | D:1      | Reached XP level 2. HP: 27/29 MP: 2/2
   732 | D:2      | Reached skill level 4 in Maces & Flails
   752 | D:2      | Reached XP level 3. HP: 33/36 MP: 3/3
  1001 | D:2      | Reached skill level 5 in Maces & Flails
  1191 | D:2      | Reached XP level 4. HP: 40/44 MP: 4/4
  1335 | D:2      | Found a white marble altar of Elyvilon.
  1795 | D:3      | Reached skill level 6 in Maces & Flails
  2003 | D:3      | Reached XP level 5. HP: 48/50 MP: 5/5
  2170 | D:3      | Reached skill level 7 in Maces & Flails
  2634 | D:4      | Noticed an ogre
  2652 | D:4      | Killed an ogre
  2652 | D:4      | Reached skill level 8 in Maces & Flails
  2652 | D:4      | Reached XP level 6. HP: 59/59 MP: 7/7
  3243 | D:4      | Reached skill level 9 in Maces & Flails
  3314 | D:4      | Got a smoking hand axe
  3368 | D:4      | Found a radiant altar of Vehumet.
  3371 | D:4      | Found a burning altar of Makhleb.
  3373 | D:4      | Found an opulent altar of Gozag.
  3525 | D:4      | Found a sparkling altar of Nemelex Xobeh.
  3688 | D:5      | Entered Level 5 of the Dungeon
  4062 | D:5      | Reached XP level 7. HP: 66/66 MP: 8/8
  4150 | D:5      | Reached skill level 10 in Maces & Flails
  4577 | D:5      | Noticed Ratboiler's ghost (experienced OgWn)
  4972 | D:4      | Found a shattered altar of Ashenzari.
  4972 | D:4      | Found a stormy altar of Qazlal.
  5251 | D:4      | Became a worshipper of Ashenzari the Shackled
  5255 | D:4      | Identified the +5 hand axe "Murmur" {venom, rC+} (You found it on level 4 of the Dungeon)
  5411 | D:5      | Reached skill level 11 in Maces & Flails
  5598 | D:6      | Reached XP level 8. HP: 63/74 MP: 9/9
  5887 | D:6      | Reached skill level 12 in Maces & Flails
  6110 | D:6      | Found Apesch's General Store.
  6197 | D:6      | Bought a scroll of identify for 22 gold pieces
  6197 | D:6      | Bought a potion of restore abilities for 55 gold pieces
  6197 | D:6      | Bought a scroll of identify for 22 gold pieces
  6345 | D:6      | Reached skill level 13 in Maces & Flails
  6426 | D:6      | Reached skill level 1 in Dodging
  6512 | D:6      | Found a glowing silver altar of Zin.
  6512 | D:6      | Noticed an angel
  6911 | D:7      | Found a bloodstained altar of Trog.
  6955 | D:7      | Reached XP level 9. HP: 80/80 MP: 10/10
  6974 | D:7      | Found a staircase to the Ecumenical Temple.
  7344 | D:7      | Reached skill level 5 in Dodging
  8088 | D:8      | Slain by a centaur

Action                   |  1- 3 |  4- 6 |  7- 9 || total
-------------------------+-------+-------+-------++-------
Melee: Whip              |    86 |   188 |   330 ||   604
       Mace              |     5 |       |       ||     5
 Fire: Blowgun           |       |     7 |     5 ||    12
Throw: Throwing net      |       |       |     1 ||     1
  Use: Scroll            |     3 |     1 |    11 ||    15
       Potion            |       |       |     1 ||     1
  Eat: Chunk             |     1 |     9 |    11 ||    21
       Beef jerky        |       |       |     1 ||     1
